Map: Moondance

Players

Raza

  • Race: Terran Terran
  • Spawn Location: 6:00

GungFuBanDa - Winner!

  • Race: Protoss Protoss
  • Spawn Location: 12:00

Event: DreamHack SC2 Masters 2022 Atlanta (Offline)

VOD

Have the link to the VOD?

Description

Time

  • Played on: Nov. 18, 2022, 12:08 p.m.
  • Length: 3:51

All games in this series

Show
View Real Time Build Order
Export as new Build Order

Raza Terran 

Build Orders:  

Get SALT Encoding   

  12  0:00  SCV  
  13  0:12  SCV  
  14  0:16  Supply Depot  
  14  0:24  SCV  
  15  0:40  Barracks  
  15  0:49  Barracks  
  15  1:01  Barracks  
  15  1:08  Supply Depot  
  15  1:12  SCV  
  16  1:28  Marine  
  17  1:36  Orbital Command  
  17  1:40  Marine  
  17  1:45  Marine  
  19  1:52  Marine  
  20  1:58  Marine  
  21  2:03  Marine  
  21  2:06  Supply Depot  
  22  2:09  Marine  
  23  2:16  Marine  
  23  2:21  Marine  
  25  2:27  Marine  
  26  2:34  Marine  
  27  2:39  Marine  
  28  2:45  Marine  
  29  2:54  Marine  
  30  3:04  Marine  
  28  3:16  Marine  
Show
View Real Time Build Order
Export as new Build Order

GungFuBanDa Protoss - Winner!

Build Orders: 1 Gate Expand 

Get SALT Encoding   

  12  0:00  Probe  
  13  0:12  Probe  
  14  0:17  Pylon  
  14  0:24  Probe (Chrono Boost)  
  16  0:36  Probe (Chrono Boost)  
  16  0:37  Gateway  
  16  0:43  Probe (Chrono Boost)  
  16  0:46  Assimilator  
  17  0:50  Probe  
  18  1:03  Probe  
  19  1:15  Probe  
  20  1:21  Nexus  
  20  1:32  Cybernetics Core  
  20  1:35  Probe  
  21  1:45  Pylon  
  21  1:47  Probe  
  21  1:50  Assimilator  
  22  1:59  Probe  
  23  2:05  Adept (Chrono Boost)  
  25  2:08  Warp Gate  
  25  2:11  Probe  
  26  2:23  Probe  
  26  2:26  Stalker (Chrono Boost)  
  29  2:34  Shield Battery  
  29  2:36  Shield Battery  
  28  2:43  Shield Battery  
  28  2:47  Stalker (Chrono Boost)  
  30  3:08  Stalker (Chrono Boost)  
  32  3:18  Probe  
  33  3:31  Pylon  
  33  3:37  Probe  
Tags
 
Add a new tag
Caveats
  • Supply blocks, unpowered buildings, or Contaminate may cause inaccurate times.
  • Supply counts are checked every 10 seconds.